PL
RICHARDSON CITY THUNDERCATS @ PANAMA CITY PIRANHAS
06/22/2029
 
TOP OF THE 1ST
Richardson City Thundercats batting - Pitching for Panama City Piranhas : LHP Wayne Craig
Pitching: LHP Wayne Craig
Batting: RHB Bruce Ingilby 0-0: SINGLE (Line Drive, 8RS)
Batting: RHB Louis Gibbons 0-0: Called Strike
0-1: Ball
1-1: Ball
2-1: Called Strike
2-2: Ball
3-2: Foul Ball, location: 2F
3-2: Base on Balls
Bruce Ingilby to second
Batting: LHB Eduardo Álvarez 0-0: Ball
1-0: Fielders Choice at 2nd, 6-4 (Groundball, 56)
Bruce Ingilby to third
Batting: RHB IV Seacat 0-0: Ball
Eduardo Álvarez is caught stealing 2nd base
1-0: 2-RUN HOME RUN (Flyball, 7D), Distance : 364 ft
Batting: RHB Javier Rivera 0-0: SINGLE (Groundball, 6) (infield hit)
Batting: RHB Anselmo Berneu 0-0: Ball
1-0: Called Strike
1-1: Fly out, F8 (Flyball, 8RD)
Top of the 1st over - 2 runs, 3 hits, 0 errors, 1 left on base; Richardson City 2 - Panama City 0
BOTTOM OF THE 1ST
Panama City Piranhas batting - Pitching for Richardson City Thundercats : LHP Jesús Gonzáles
Pitching: LHP Jesús Gonzáles
Batting: RHB Baldomero Avino 0-0: Called Strike
0-1: Ball
1-1: Foul Ball, location: 2F
1-2: Foul Ball, location: 2F
1-2: Foul Ball, location: 2F
1-2: Ball
2-2: Ball
3-2: Fly out, F7 (Flyball, 7LD)
Batting: RHB Raúl Ortíz 0-0: Called Strike
0-1: Ball
1-1: Foul Ball, location: 2F
1-2: Ground out U3 (Groundball, 3L)
Batting: RHB Juan Jose Ayala 0-0: Foul Ball, location: 2F
0-1: Called Strike
0-2: Ball
1-2: Fly out, F4 (Popup, 4)
Bottom of the 1st over - 0 runs, 0 hits, 0 errors, 0 left on base; Richardson City 2 - Panama City 0
TOP OF THE 2ND
Richardson City Thundercats batting - Pitching for Panama City Piranhas : LHP Wayne Craig
Batting: RHB Tomás Martínez 0-0: Ball
1-0: Ball
2-0: Called Strike
2-1: Ball
3-1: Base on Balls
Batting: RHB Pedro Castillo 0-0: Ball
1-0: Foul Ball, location: 2F
1-1: DOUBLE (Line Drive, 7D)
Tomás Martínez to third
Batting: SHB Mitch Qualtrough 0-0: Called Strike
0-1: Ball
Passed Ball!
Tomás Martínez scores
Pedro Castillo to third
1-1: Ball
2-1: Ground out 5-3 (Groundball, 56)
Pedro Castillo scores
Pitching: RHP Tobías Pérez
Batting: RHB Bruce Ingilby 0-0: Ball
1-0: Ball
2-0: Called Strike
2-1: Foul Ball, location: 2F
2-2: Strikes out looking
Batting: RHB Louis Gibbons 0-0: Ball
1-0: Ground out 4-3 (Groundball, 34)
Top of the 2nd over - 2 runs, 1 hit, 0 errors, 0 left on base; Richardson City 4 - Panama City 0
BOTTOM OF THE 2ND
Panama City Piranhas batting - Pitching for Richardson City Thundercats : LHP Jesús Gonzáles
Batting: RHB Armando Alvarado 0-0: Ball
1-0: Called Strike
1-1: Ball
2-1: Ball
3-1: Foul Ball, location: 2F
3-2: Base on Balls
Batting: RHB Fernando Silva 0-0: Called Strike
0-1: Swinging Strike
0-2: Ball
1-2: Ball
2-2: SINGLE (Groundball, 56D)
Armando Alvarado to second
Batting: RHB Rob Gray 0-0: Called Strike
0-1: Ball
1-1: Called Strike
1-2: Ball
2-2: Foul Ball, location: 2F
2-2: Ball
3-2: Strikes out looking
Batting: LHB Sergio Muñóz 0-0: Ball
1-0: Called Strike
1-1: Called Strike
1-2: Foul Ball, location: 2F
1-2: Grounds into double play, 6-4-3 (Groundball, 6)
Bottom of the 2nd over - 0 runs, 1 hit, 0 errors, 1 left on base; Richardson City 4 - Panama City 0
TOP OF THE 3RD
Richardson City Thundercats batting - Pitching for Panama City Piranhas : RHP Tobías Pérez
Batting: LHB Eduardo Álvarez 0-0: Ball
1-0: Ball
2-0: Foul Ball, location: 2F
2-1: Ball
3-1: Base on Balls
Batting: RHB IV Seacat 0-0: Grounds into double play, 6-4-3 (Groundball, 6M)
Batting: RHB Javier Rivera 0-0: SOLO HOME RUN (Flyball, 7LD), Distance : 336 ft
Batting: RHB Anselmo Berneu 0-0: Ball
1-0: Ground out U3 (Groundball, 23)
Top of the 3rd over - 1 run, 1 hit, 0 errors, 0 left on base; Richardson City 5 - Panama City 0
BOTTOM OF THE 3RD
Panama City Piranhas batting - Pitching for Richardson City Thundercats : LHP Jesús Gonzáles
Batting: SHB Tsing Guao 0-0: Ball
1-0: Ball
2-0: Fly out, F9 (Flyball, 9LSF)
Batting: LHB Robert Adams 0-0: Ball
1-0: Foul Ball, location: 2F
1-1: Foul Ball, location: 2F
1-2: Fly out, F7 (Flyball, 7LSF)
Batting: RHB Baldomero Avino 0-0: Ball
1-0: Ball
2-0: Ball
3-0: Called Strike
3-1: Base on Balls
Batting: RHB Raúl Ortíz 0-0: Called Strike
0-1: Swinging Strike
0-2: DOUBLE (Line Drive, 9LM)
Baldomero Avino to third
Batting: RHB Juan Jose Ayala 0-0: Foul Ball, location: 2F
0-1: Called Strike
0-2: Ball
1-2: Ball
2-2: Ball
3-2: Base on Balls
Batting: RHB Armando Alvarado 0-0: Ball
1-0: Swinging Strike
1-1: Ball
2-1: Fielders Choice at 2nd, 6-4 (Groundball, 6)
Bottom of the 3rd over - 0 runs, 1 hit, 0 errors, 3 left on base; Richardson City 5 - Panama City 0
TOP OF THE 4TH
Richardson City Thundercats batting - Pitching for Panama City Piranhas : RHP Tobías Pérez
Batting: RHB Tomás Martínez 0-0: Ball
1-0: Ball
2-0: Ball
3-0: SINGLE (Groundball, 6MD)
Batting: RHB Pedro Castillo 0-0: Ball
1-0: Ball
2-0: Fielders Choice at 2nd, 6-4 (Groundball, 6)
Batting: SHB Mitch Qualtrough 0-0: Foul Ball, location: 2F
0-1: Ball
1-1: Called Strike
1-2: Grounds into double play, 4-6-3 (Groundball, 34)
Top of the 4th over - 0 runs, 1 hit, 0 errors, 0 left on base; Richardson City 5 - Panama City 0
BOTTOM OF THE 4TH
Panama City Piranhas batting - Pitching for Richardson City Thundercats : LHP Jesús Gonzáles
Batting: RHB Fernando Silva 0-0: Ball
1-0: Fly out, F9 (Flyball, 9LS)
Batting: RHB Rob Gray 0-0: Foul Ball, location: 2F
0-1: Ball
1-1: Ball
2-1: Ball
3-1: Foul Ball, location: 2F
3-2: Fly out, F9 (Flyball, 9D)
Batting: LHB Sergio Muñóz 0-0: Foul Ball, location: 2F
0-1: SOLO HOME RUN (Flyball, 9LD), Distance : 349 ft
Batting: SHB Tsing Guao 0-0: Ball
1-0: Foul Ball, location: 2F
1-1: Foul Ball, location: 2F
1-2: Foul Ball, location: 2F
1-2: Ball
2-2: Ball
3-2: Strikes out looking
Bottom of the 4th over - 1 run, 1 hit, 0 errors, 0 left on base; Richardson City 5 - Panama City 1
TOP OF THE 5TH
Richardson City Thundercats batting - Pitching for Panama City Piranhas : RHP Tobías Pérez
Batting: RHB Bruce Ingilby 0-0: Called Strike
0-1: Foul Ball, location: 2F
0-2: Ball
1-2: Hit by Pitch
Batting: RHB Louis Gibbons 0-0: Called Strike
0-1: Foul Ball, location: 2F
0-2: Foul Ball, location: 2F
0-2: Ball
1-2: Strikes out looking
Batting: LHB Eduardo Álvarez 0-0: Foul Ball, location: 2F
0-1: Ball
1-1: Swinging Strike
1-2: Ball
2-2: Strikes out swinging
Batting: RHB IV Seacat 0-0: Called Strike
0-1: SINGLE (Groundball, 6MD)
Bruce Ingilby to second
Runner from 2nd tries for 3rd, SAFE, no throw
Batting: RHB Javier Rivera 0-0: Ball
1-0: Called Strike
1-1: Called Strike
1-2: Foul Ball, location: 2F
1-2: Foul Ball, location: 2F
1-2: Foul Ball, location: 2F
1-2: Strikes out swinging
Top of the 5th over - 0 runs, 1 hit, 0 errors, 2 left on base; Richardson City 5 - Panama City 1
BOTTOM OF THE 5TH
Panama City Piranhas batting - Pitching for Richardson City Thundercats : LHP Jesús Gonzáles
Batting: LHB Robert Adams 0-0: Swinging Strike
0-1: Foul Ball, location: 2F
0-2: Foul Ball, location: 2F
0-2: Foul Ball, location: 2F
0-2: Ball
1-2: Strikes out swinging
Batting: RHB Baldomero Avino 0-0: Ball
1-0: Called Strike
1-1: Ball
2-1: Swinging Strike
2-2: Fly out, F7 (Flyball, 7S)
Batting: RHB Raúl Ortíz 0-0: Called Strike
0-1: Called Strike
0-2: Ball
1-2: Foul Ball, location: 2F
1-2: Ball
2-2: Foul Ball, location: 2F
2-2: Ball
3-2: Base on Balls
Pitching: RHP Héctor Alarcon
Batting: RHB Juan Jose Ayala 0-0: Called Strike
0-1: Ball
1-1: SINGLE (Groundball, 6MD)
Raúl Ortíz to second
Batting: RHB Armando Alvarado 0-0: Called Strike
0-1: Ball
1-1: Fielders Choice at 2nd, 6-4 (Groundball, 6)
Bottom of the 5th over - 0 runs, 1 hit, 0 errors, 2 left on base; Richardson City 5 - Panama City 1
TOP OF THE 6TH
Richardson City Thundercats batting - Pitching for Panama City Piranhas : RHP Tobías Pérez
Batting: RHB Anselmo Berneu 0-0: Ball
1-0: Foul Ball, location: 2F
1-1: SINGLE (Line Drive, 7LM)
Pitching: RHP Eduardo Capata
Batting: RHB Tomás Martínez 0-0: Bunted foul
0-1: Bunt missed!
0-2: Ball
1-2: Strikes out swinging
Batting: RHB Pedro Castillo 0-0: Swinging Strike
0-1: SINGLE (Groundball, 13) (infield hit)
Anselmo Berneu to second
Batting: SHB Mitch Qualtrough 0-0: Swinging Strike
0-1: Fielders Choice at 2nd, 4-6 (Groundball, 34)
Anselmo Berneu to third
Batting: RHB Bruce Ingilby 0-0: Called Strike
0-1: Ball
1-1: Ball
2-1: SINGLE (Line Drive, 6D)
Anselmo Berneu scores
Mitch Qualtrough to second
Throwing error, E8
Mitch Qualtrough scores
Bruce Ingilby to second
Batting: RHB Louis Gibbons 0-0: Ball
1-0: Ball
2-0: Ground out 1-3 (Groundball, P)
Top of the 6th over - 2 runs, 3 hits, 1 error, 1 left on base; Richardson City 7 - Panama City 1
BOTTOM OF THE 6TH
Panama City Piranhas batting - Pitching for Richardson City Thundercats : RHP Héctor Alarcon
Batting: RHB Fernando Silva 0-0: Ball
1-0: Called Strike
1-1: Foul Ball, location: 2F
1-2: Foul Ball, location: 2F
1-2: Ball
2-2: Foul Ball, location: 2F
2-2: Foul Ball, location: 2F
2-2: Ground out 4-3 (Groundball, 4)
Batting: RHB Rob Gray 0-0: Foul Ball, location: 2F
0-1: Foul Ball, location: 2F
0-2: Ball
1-2: Ball
2-2: Foul Ball, location: 2F
2-2: DOUBLE (Flyball, 89D)
Batting: LHB Sergio Muñóz 0-0: Called Strike
0-1: DOUBLE (Line Drive, 89XD)
Rob Gray scores
Batting: SHB Tsing Guao 0-0: Ball
1-0: Fly out, F9 (Flyball, 89XD)
Runner from 2nd tags up, SAFE at 3rd, no throw
Batting: LHB Robert Adams 0-0: Swinging Strike
0-1: Foul Ball, location: 2F
0-2: Strikes out looking
Bottom of the 6th over - 1 run, 2 hits, 0 errors, 1 left on base; Richardson City 7 - Panama City 2
TOP OF THE 7TH
Richardson City Thundercats batting - Pitching for Panama City Piranhas : RHP Eduardo Capata
Batting: LHB Eduardo Álvarez 0-0: Called Strike
0-1: Ball
1-1: Ball
2-1: Ball
3-1: Ground out 4-3 (Groundball, 4M)
Batting: RHB IV Seacat 0-0: Ball
1-0: Ground out 5-3 (Groundball, 56)
Batting: RHB Javier Rivera 0-0: Called Strike
0-1: Ball
1-1: SOLO HOME RUN (Flyball, 7LD), Distance : 341 ft
Batting: RHB Anselmo Berneu 0-0: Called Strike
0-1: Ball
1-1: Ball
2-1: Ball
3-1: Base on Balls
Batting: RHB Tomás Martínez 0-0: Called Strike
0-1: 2-RUN HOME RUN (Flyball, 7LD), Distance : 330 ft
Batting: RHB Pedro Castillo 0-0: Fly out, F3 (Popup, 3L)
Top of the 7th over - 3 runs, 2 hits, 0 errors, 0 left on base; Richardson City 10 - Panama City 2
BOTTOM OF THE 7TH
Panama City Piranhas batting - Pitching for Richardson City Thundercats : RHP Héctor Alarcon
Batting: RHB Baldomero Avino 0-0: Ball
1-0: Ball
2-0: Foul Ball, location: 2F
2-1: SINGLE (Groundball, 56D)
Batting: RHB Raúl Ortíz 0-0: Ball
1-0: Foul Ball, location: 2F
1-1: Called Strike
1-2: SINGLE (Line Drive, 8LM)
Baldomero Avino to second
Batting: RHB Juan Jose Ayala 0-0: Ground out 4-3 (Groundball, 4S)
Baldomero Avino to third
Raúl Ortíz to second
Batting: RHB Armando Alvarado 0-0: Ball
1-0: Ball
2-0: Swinging Strike
2-1: SINGLE (Groundball, 56D)
Baldomero Avino scores
Raúl Ortíz to third
Runner from 3rd tries for Home, SAFE, throw made home
Batting: RHB Fernando Silva 0-0: Called Strike
0-1: Grounds into double play, 6-4-3 (Groundball, 6D)
Bottom of the 7th over - 2 runs, 3 hits, 0 errors, 0 left on base; Richardson City 10 - Panama City 4
TOP OF THE 8TH
Richardson City Thundercats batting - Pitching for Panama City Piranhas : RHP Eduardo Capata
Pitching: RHP José Luján
Batting: SHB Mitch Qualtrough 0-0: Ball
1-0: Swinging Strike
1-1: TRIPLE (Flyball, 89XD)
Batting: RHB Bruce Ingilby 0-0: Ball
1-0: Foul Ball, location: 2F
1-1: SINGLE (Groundball, 56D)
Mitch Qualtrough scores
Batting: RHB Louis Gibbons 0-0: Foul Ball, location: 2F
0-1: Ball
1-1: Foul Ball, location: 2F
1-2: Fly out, F8 (Flyball, 8LXD)
Batting: LHB Eduardo Álvarez 0-0: Foul Ball, location: 2F
0-1: Ball
1-1: SINGLE (Flyball, 9LM)
Bruce Ingilby to second
Runner from 2nd tries for 3rd, SAFE, no throw
Batting: RHB IV Seacat 0-0: Called Strike
0-1: Called Strike
0-2: Foul Ball, location: 2F
0-2: Strikes out swinging
Batting: RHB Javier Rivera 0-0: Ball
1-0: Ball
2-0: Called Strike
2-1: 3-RUN HOME RUN (Flyball, 78XD), Distance : 416 ft
Batting: RHB Anselmo Berneu 0-0: Ball
1-0: Ball
2-0: Swinging Strike
2-1: SINGLE (Flyball, 7LS)
Batting: RHB Tomás Martínez 0-0: Called Strike
0-1: Ball
1-1: Swinging Strike
1-2: Fly out, F7 (Flyball, 7S)
Top of the 8th over - 4 runs, 5 hits, 0 errors, 1 left on base; Richardson City 14 - Panama City 4
BOTTOM OF THE 8TH
Panama City Piranhas batting - Pitching for Richardson City Thundercats : RHP Héctor Alarcon
Batting: RHB Rob Gray 0-0: Ball
1-0: Foul Ball, location: 2F
1-1: Called Strike
1-2: Ball
2-2: Strikes out swinging
Batting: LHB Sergio Muñóz 0-0: Ball
1-0: Foul Ball, location: 2F
1-1: Ground out 1-3 (Groundball, P)
Batting: SHB Tsing Guao 0-0: Foul Ball, location: 2F
0-1: Ball
1-1: Ball
2-1: Called Strike
2-2: Foul Ball, location: 2F
2-2: DOUBLE (Groundball, 3L)
Batting: LHB Robert Adams 0-0: Fly out, F8 (Line Drive, 78M)
Bottom of the 8th over - 0 runs, 1 hit, 0 errors, 1 left on base; Richardson City 14 - Panama City 4
TOP OF THE 9TH
Richardson City Thundercats batting - Pitching for Panama City Piranhas : RHP José Luján
Batting: RHB Pedro Castillo 0-0: Ball
1-0: Swinging Strike
1-1: Foul Ball, location: 2F
1-2: Ball
2-2: SINGLE (Line Drive, 56)
Batting: SHB Mitch Qualtrough 0-0: SINGLE (Groundball, 4MD)
Pedro Castillo to second
Batting: RHB Bruce Ingilby 0-0: Foul Ball, location: 2F
0-1: Ball
1-1: Foul Ball, location: 2F
1-2: Foul Ball, location: 2F
1-2: SINGLE (Line Drive, 56)
Pedro Castillo to third
Mitch Qualtrough to second
Batting: RHB Louis Gibbons 0-0: Ball
1-0: Called Strike
1-1: Called Strike
1-2: Ball
2-2: Strikes out swinging
Batting: LHB Eduardo Álvarez 0-0: Called Strike
0-1: Foul Ball, location: 2F
0-2: Ball
1-2: Foul Ball, location: 2F
1-2: Foul Ball, location: 2F
1-2: GRAND SLAM HOME RUN (Line Drive, 7LD), Distance : 342 ft
Batting: RHB IV Seacat 0-0: Foul Ball, location: 2F
0-1: Foul Ball, location: 2F
0-2: Foul Ball, location: 2F
0-2: Fly out, F8 (Flyball, 8LS)
Batting: RHB Javier Rivera 0-0: Ball
1-0: Ball
2-0: Ball
3-0: Base on Balls
Batting: RHB Anselmo Berneu 0-0: Called Strike
0-1: Ball
1-1: Foul Ball, location: 2F
1-2: Ball
2-2: Foul Ball, location: 2F
2-2: Ball
3-2: Fly out, F6 (Popup, 6MS)
Top of the 9th over - 4 runs, 4 hits, 0 errors, 1 left on base; Richardson City 18 - Panama City 4
BOTTOM OF THE 9TH
Panama City Piranhas batting - Pitching for Richardson City Thundercats : RHP Héctor Alarcon
Batting: RHB Baldomero Avino 0-0: DOUBLE (Flyball, 78D)
Batting: RHB Raúl Ortíz 0-0: Called Strike
0-1: Ball
1-1: Foul Ball, location: 2F
1-2: Foul Ball, location: 2F
1-2: SINGLE (Groundball, 6D)
Baldomero Avino to third
Pitching: RHP Kirby Brown
Batting: RHB Juan Jose Ayala 0-0: Ball
1-0: Ball
2-0: Ball
3-0: Called Strike
3-1: SINGLE (Groundball, 4MD)
Baldomero Avino scores
Raúl Ortíz to second
Batting: RHB Armando Alvarado 0-0: Ground out 3-1 (Groundball, 34S)
Raúl Ortíz to third
Juan Jose Ayala to second
Batting: RHB Fernando Silva 0-0: Ball
1-0: Ball
2-0: Foul Ball, location: 2F
2-1: SINGLE (Groundball, 6D)
Raúl Ortíz scores
Juan Jose Ayala to third
Batting: RHB Rob Gray 0-0: Called Strike
0-1: Fielders Choice at 2nd, 2-4 (Groundball, 2L)
Batting: LHB Sergio Muñóz 0-0: Ball
1-0: Ground out U3 (Groundball, 3S)
Bottom of the 9th over - 2 runs, 4 hits, 0 errors, 2 left on base; Richardson City 18 - Panama City 6
Tuesday, December 19th, 2017 - OOTP Baseball 18.8 Build 76